 Dungeon Crawl Stone Soup version 0.17.1-1-g73c8601 (webtiles) character file.

4695 tap556 the Cleaver (level 10, -1/91 (93) HPs)
             Began as a Minotaur Berserker on Feb 5, 2016.
             Was a High Priest of Trog.
             Slain by a hell rat (3 damage)
             ... on level 8 of the Dungeon on Feb 19, 2016.
             The game lasted 00:29:12 (8060 turns).

tap556 the Cleaver (Minotaur Berserker)             Turns: 8060, Time: 00:29:14

HP:   -1/91 (93)    AC:  8    Str: 22    XL:     10   Next: 21%
MP:   9/9           EV: 10    Int:  4    God:    Trog [*****.]
Gold: 569           SH:  0    Dex: 13    Spells: 0 memorised, 9 levels left

rFire  . . .     SeeInvis .     H - +4 battleaxe (flame)
rCold  . . .     Clarity  .     r - +0 scale mail
rNeg   + . .     SustAt   .     (shield currently unavailable)
rPois  .         Gourm    .     (helmet restricted)
rElec  .         Spirit   .     (no cloak)
rCorr  .         Warding  .     E - +0 pair of gloves
rMut   .         Stasis   .     (no boots)
MR     ++...                    (no amulet)
Stlth  +.........               (no ring)
                                b - ring of positive energy

@: exhausted, regenerating, slowed, drained, very slow, very resistant to
hostile enchantments, very unstealthy
A: retaliatory headbutt, horns 2
a: Berserk, Trog's Hand, Brothers in Arms, Burn Spellbooks, Renounce Religion


You were on level 8 of the Dungeon.
You worshipped Trog.
Trog was extremely pleased with you.
You were not hungry.

You visited 1 branch of the dungeon, and saw 8 of its levels.
You also visited: Sewer.

You collected 569 gold pieces.

Inventory:

Hand Weapons
 a - a +0 hand axe
 f - a +3 scimitar of slicing
 v - a +2 hand crossbow of freezing
 F - a +1 antimagic war axe
 H - a +4 battleaxe of flaming (weapon)
Missiles
 d - 4 steel javelins
 h - 14 tomahawks (quivered)
Armour
 k - a +0 ring mail
 r - a +0 scale mail (worn)
 E - a +0 pair of gloves (worn)
Jewellery
 b - a ring of positive energy (left hand)
Wands
 n - a wand of paralysis (6)
 t - a wand of polymorph (20)
Scrolls
 g - a scroll of blinking
 i - 6 scrolls of teleportation
 l - 2 scrolls of fear
 o - 2 scrolls of magic mapping {unknown}
 q - a scroll of enchant armour {unknown}
 w - 2 scrolls of recharging
 y - 3 scrolls of remove curse
 B - 2 scrolls of fog {unknown}
 I - a scroll of immolation {unknown}
Potions
 e - 8 potions of brilliance
 j - a potion of ambrosia {unknown}
 m - 3 potions of might
 p - 4 potions of haste
 s - 2 potions of mutation {unknown}
 u - 7 potions of heal wounds {unknown}
 x - 4 potions of curing
 z - a potion of lignification {unknown}
 A - a potion of magic {unknown}
 C - 2 potions of poison {unknown}
 J - a potion of berserk rage {unknown}
Comestibles
 c - 6 bread rations
 D - 14 chunks of flesh
 K - a meat ration


   Skills:
 - Level 10.1(9.9) Fighting
 - Level 12.3(12.1) Axes
 - Level 5.0(4.8) Throwing
 + Level 6.1(5.9) Armour
 - Level 2.1(2.0) Dodging
 - Level 2.6(2.5) Stealth


You had 9 spell levels left.
You didn't know any spells.

Dungeon Overview and Level Annotations

Branches:
Dungeon (8/15)             Temple (0/1) D:6
   Lair: D:8-11

Altars:
Fedhas
Kikubaaqudgha
Ru
Vehumet
Yredelemnul
Zin
The Shining One


Innate Abilities, Weirdness & Mutations

You reflexively headbutt those who attack you in melee.
You have a pair of horns on your head.


Message History

You headbutt the orc.
The orc is moderately wounded.
The orc barely misses you. The orc closely misses you.
You barely miss the orc. Your headbutt misses the orc.
The orc is moderately wounded.
The orc closely misses you.
An orc priest and an orc wizard come into view.
You slash the orc! You burn the orc.
You kill the orc!
Trog accepts your kill. The hell rat bites you.
* * * LOW HITPOINT WARNING * * *
Your skin crawls.
You feel resistant to hostile enchantments.
You feel slightly more hungry. The hell rat bites you!
* * * LOW HITPOINT WARNING * * *
You partially resist.
You feel drained.
* * * LOW HITPOINT WARNING * * *
The hell rat bites you.
You die...

..#
##......##
###.
#..#####..##
##
#...##o.##
#...o##
###o## #o##
. ##H# ..
#r# .. #@##
.. ##.# #.#
##)## ##.#.#
##....##
##....(.##
#........#
##......##


You could see a hippogriff, a hell rat, an orc priest and an orc wizard.

Vanquished Creatures
  A spiny frog (D:8)
  The ghost of comborobin the Reanimator, a novice DENe of Ashenzari (D:7)
  A two-headed ogre (D:8)
  2 wyverns (D:8)
  Eustachio (D:4)
  A hippogriff (D:8)
  The ghost of murphyslaw the Bolt Thrower, an amateur HuWn of Okawaru (Sewer)
  A steam dragon (D:8)
  An ice beast (D:7)
  A wasp (D:6)
  2 phantoms
  A sky beast (D:7)
  2 necrophages (D:7)
  3 centaurs
  An ogre (D:7)
  9 giant frogs
  6 killer bees
  3 crimson imps
  2 hounds
  2 giant frog zombies
  5 orc priests
  2 centaur skeletons
  2 jellies
  A giant frog skeleton (D:5)
  2 iguanas
  5 orc wizards
  4 worker ants
  2 hound skeletons
  2 worker ant zombies (D:5)
  Robin (D:2)
  7 gnolls
  16 adders
  5 river rats (Sewer)
  5 shadow imps
  3 oozes
  An adder zombie (D:7)
  A worm (D:3)
  8 giant geckos
  27 orcs
  13 bats
  7 hobgoblins
  11 jackals
  6 kobolds
  3 quokkas
  11 ball pythons (Sewer)
  13 giant cockroaches
  A giant gecko zombie (D:5)
  6 giant newts
  20 goblins
  A jackal zombie (D:6)
  31 rats
264 creatures vanquished.

Notes
Turn   | Place    | Note
--------------------------------------------------------------
     0 | D:1      | tap556 the Minotaur Berserker began the quest for the Orb.
     0 | D:1      | Reached XP level 1. HP: 19/19 MP: 0/0
   282 | D:1      | Reached skill level 4 in Axes
   368 | D:1      | Reached XP level 2. HP: 26/26 MP: 1/1
  1161 | D:2      | Noticed Robin
  1180 | D:2      | Reached XP level 3. HP: 27/31 MP: 2/2
  1186 | D:2      | Killed Robin
  1186 | D:2      | Reached skill level 5 in Axes
  1186 | D:2      | Reached skill level 1 in Stealth
  1186 | D:2      | Reached ** piety under Trog
  1513 | D:2      | Reached XP level 4. HP: 36/39 MP: 3/3
  1540 | D:2      | Found a glowing silver altar of Zin.
  1913 | D:3      | Reached skill level 1 in Throwing
  1917 | D:3      | Found a glowing golden altar of the Shining One.
  2018 | D:3      | Reached *** piety under Trog
  2350 | D:3      | Reached skill level 6 in Axes
  2408 | D:3      | Reached XP level 5. HP: 16/45 MP: 4/4
  2803 | D:4      | Noticed a centaur
  2809 | D:4      | Noticed Eustachio
  2810 | D:4      | Killed a centaur
  2810 | D:4      | Reached skill level 7 in Axes
  2832 | D:4      | Killed Eustachio
  2832 | D:4      | Reached XP level 6. HP: 51/51 MP: 5/5
  2941 | D:4      | Found a glowing drain.
  2966 | Sewer    | Entered a sewer
  2982 | Sewer    | Noticed murphyslaw's ghost (amateur HuWn)
  2996 | Sewer    | Reached **** piety under Trog
  3010 | Sewer    | HP: 2/51 [murphyslaw's ghost (10)]
  3012 | Sewer    | Killed murphyslaw's ghost
  3012 | Sewer    | Reached skill level 8 in Axes
  3012 | Sewer    | Reached XP level 7. HP: 3/57 MP: 6/6
  4196 | Sewer    | Reached skill level 9 in Axes
  4366 | D:4      | Found a basalt altar of Yredelemnul.
  4716 | D:4      | Reached XP level 8. HP: 62/64 MP: 7/7
  4831 | D:5      | Entered Level 5 of the Dungeon
  4871 | D:5      | Reached skill level 10 in Axes
  4926 | D:5      | Reached ***** piety under Trog
  5407 | D:5      | Found a blossoming altar of Fedhas.
  5472 | D:5      | Found a sacrificial altar of Ru.
  5478 | D:5      | Received a gift from Trog
  5592 | D:5      | Reached skill level 5 in Throwing
  5824 | D:6      | Found a radiant altar of Vehumet.
  5880 | D:6      | Reached skill level 11 in Axes
  5945 | D:6      | Received a gift from Trog
  5958 | D:6      | Found a staircase to the Ecumenical Temple.
  6077 | D:6      | Found an ancient bone altar of Kikubaaqudgha.
  6540 | D:7      | Reached skill level 12 in Axes
  6542 | D:7      | Reached XP level 9. HP: 47/70 MP: 8/8
  7040 | D:7      | Noticed comborobin's ghost (novice DENe)
  7062 | D:7      | Reached skill level 5 in Fighting
  7142 | D:7      | Killed comborobin's ghost
  7893 | D:8      | Reached skill level 10 in Fighting
  7901 | D:8      | Received a gift from Trog
  8029 | D:8      | Reached XP level 10. HP: 76/91 MP: 9/9
  8037 | D:8      | Noticed a spiny frog
  8043 | D:8      | Killed a spiny frog
  8043 | D:8      | Reached skill level 5 in Armour
  8060 | D:8      | HP: 4/91 [hell rat (10)]
  8060 | D:8      | Slain by a hell rat

Action                   |  1- 3 |  4- 6 |  7- 9 | 10-12 || total
-------------------------+-------+-------+-------+-------++-------
Melee: Hand axe          |    72 |   152 |   134 |       ||   358
       War axe           |       |       |    56 |       ||    56
       Battleaxe         |       |       |   132 |    21 ||   153
Throw: Tomahawk          |    13 |     8 |    55 |       ||    76
Invok: Berserk           |       |     2 |     3 |     1 ||     6
       Trog's Hand       |       |     1 |       |     1 ||     2
  Use: Scroll            |     2 |     1 |    11 |       ||    14
 Stab: Paralysed         |       |       |     1 |       ||     1
  Eat: Chunk             |     2 |     3 |    12 |       ||    17
       Fruit             |       |     5 |       |       ||     5
       Beef jerky        |       |       |     2 |       ||     2
       Royal jelly       |       |       |     2 |       ||     2
       Pizza             |       |       |     2 |       ||     2
